 Dungeon Crawl Stone Soup version 0.21-a0-186-g02e8684 (webtiles) character file.

18383 plod the Fighter (level 12, -6/112 HPs)
             Began as a Minotaur Wanderer on Aug 13, 2017.
             Was an Elder of Qazlal.
             Killed from afar by an ice statue (31 damage)
             ... with a shard of ice
             ... in an ice cave.
             The game lasted 00:23:44 (15144 turns).

plod the Fighter (Minotaur Wanderer)               Turns: 15144, Time: 00:23:45

Health: -6/112     AC: 23    Str: 18    XL:     12   Next: 27%
Magic:  18/18      EV:  6    Int: 10    God:    Qazlal [****..]
Gold:   569        SH:  5    Dex: 13    Spells: 15/15 levels left

rFire    . . .     SeeInvis .   D - +1 war axe (venom)
rCold    . . .     Gourm    .   (no shield)
rNeg     . . .     Faith    .   l - +5 plate armour
rPois    .         Spirit   .   (helmet restricted)
rElec    .         Reflect  .   (no cloak)
rCorr    .         Harm     .   H - +2 pair of gloves
MR       .....                  (no boots)
Stlth    ..........             (no amulet)
HPRegen  0.28/turn              (no ring)
MPRegen  0.16/turn              (no ring)

@: repel missiles
A: retaliatory headbutt, horns 2
a: Upheaval, Elemental Force, Renounce Religion


You were in an ice cave.
You worshipped Qazlal.
Qazlal was greatly pleased with you.
You were near starving.

You visited 2 branches of the dungeon, and saw 11 of its levels.
You also visited: Sewer and Ice Cave.

You collected 569 gold pieces.

Inventory:

Hand Weapons
 e - a +0 club
 k - a +0 hunting sling
 o - a +0 flail
 s - a +0 dagger of distortion
 x - a +0 blowgun
 D - a +1 war axe of venom (weapon)
 E - the +3 dire flail "Suveal" {crush, Dex+3}
   (You acquired it on level 7 of the Dungeon)

   It inflicts extra damage upon your enemies.
   It affects your dexterity (+3).
 P - a +1 demon whip of venom
Missiles
 i - a throwing net
 n - 300 stones (quivered)
 w - 52 poisoned needles
 y - 5 javelins
Armour
 d - a +0 robe
 g - a +0 ring mail
 l - a +5 plate armour (worn)
 H - a +2 pair of gloves (worn)
Jewellery
 L - an uncursed ring of magical power
Wands
 A - a wand of acid (0/15)
 B - a wand of digging (8/24)
 F - a wand of flame (31/48)
 K - a wand of confusion (30/48)
 U - a wand of acid (2/15)
Scrolls
 b - 9 scrolls of teleportation
 h - 4 scrolls of fear
 m - 3 scrolls of amnesia
 q - 2 scrolls of remove curse
 I - 4 scrolls of fog
 M - a scroll of recharging
Potions
 j - 4 potions of curing
 p - 2 potions of mutation
 v - 2 potions of flight
 C - 4 potions of might
 G - a potion of lignification
 N - a potion of agility
Books
 a - a book of Minor Magic

   Spells                             Type                      Level
   a - Magic Dart                     Conjuration                  1
   b - Blink                          Translocation                2
   c - Call Imp                       Summoning                    2
   d - Slow                           Hexes                        2
   e - Conjure Flame                  Conjuration/Fire             3
   f - Mephitic Cloud                 Conjuration/Poison/Air       3
 c - the Disquisition on Flames

   Spells                             Type                      Level
   a - Flame Tongue                   Conjuration/Fire             1
   b - Ignite Poison                  Fire/Transmutation/Poison    3
 z - a book of Battle

   Spells                             Type                      Level
   a - Infusion                       Charms                       1
   b - Shroud of Golubria             Charms/Translocation         2
   c - Song of Slaying                Charms                       2
   d - Spectral Weapon                Hexes/Charms                 3
   e - Regeneration                   Charms/Necromancy            3
 T - a book of Necromancy

   Spells                             Type                      Level
   a - Pain                           Necromancy                   1
   b - Animate Skeleton               Necromancy                   1
   c - Vampiric Draining              Necromancy                   3
   d - Regeneration                   Charms/Necromancy            3
   e - Animate Dead                   Necromancy                   4
   f - Control Undead                 Necromancy                   4
 W - a book of Frost

   Spells                             Type                      Level
   a - Freeze                         Ice                          1
   b - Throw Frost                    Conjuration/Ice              2
   c - Ozocubu's Armour               Charms/Ice                   3
   d - Throw Icicle                   Conjuration/Ice              4
   e - Summon Ice Beast               Ice/Summoning                4
 Y - a book of Geomancy

   Spells                             Type                      Level
   a - Sandblast                      Earth                        1
   b - Passwall                       Transmutation/Earth          2
   c - Stone Arrow                    Conjuration/Earth            3
   d - Petrify                        Transmutation/Earth          4
   e - Lee's Rapid Deconstruction     Earth                        5
Comestibles
 f - 3 bread rations
 t - 4 royal jellies
 u - 4 meat rations


   Skills:
 + Level 11.9 Fighting
 + Level 11.2(11.8) Axes
 - Level 6.5(9.8) Maces & Flails
 - Level 1.0 Throwing
 + Level 11.7 Armour
 - Level 2.1 Spellcasting
   Level 2.0 Hexes
   Level 1.0 Fire Magic
   Level 1.0 Air Magic
 + Level 9.6 Invocations
 - Level 1.0 Evocations


You had 15 spell levels left.
You didn't know any spells.

Dungeon Overview and Level Annotations

Branches:
Dungeon (8/15)             Temple (0/1) D:5            Lair (3/6) D:8
 Shoals (0/4) Lair:2
  Snake: Lair:2-4    Spider: Lair:2-4

Altars:
Ashenzari
Okawaru
Qazlal
Sif Muna
Xom
Yredelemnul

Annotations:
D:7 exclusion: orc wizard IceCv exclusion: ice statue


Innate Abilities, Weirdness & Mutations

You reflexively headbutt those who attack you in melee.
You have a pair of horns on your head.


Message History

You hit the ice beast.
The ice beast looks even sicker.
The ice statue gestures at you. The freezing blast engulfs you!
You block the ice beast's attack.
Unknown command.
You slash the ice statue!
The ice statue is severely damaged.
You slash the ice beast!
You kill the ice beast!
The ice statue gestures at you. The shard of ice hits you!
* * * LOW HITPOINT WARNING * * *
You feel better.
The ice statue gestures.
Unknown command.
You slash the ice statue!
The ice statue is severely damaged.
You hit the ice beast but do no damage.
The ice beast is poisoned.
The ice statue gestures at you. The shard of ice hits you!
You die...

#### ##.#.#### ####
##....§Y8# #### ##..##
#....§.@####..#####....#
#....§§§§##....##.......
#....§§§§.§.#.......∩.∩.
##..§§§§§§§###..........
#..§§.§§### ##..##....#
#.....≈## ######..##
#.......# #### ##.....##
##....#


You could see an ice statue and an ice beast.

Vanquished Creatures
  The ghost of Gaball the Spear-Bearer, a journeyman FoAK of Lugonu (Lair:1)
  4 hydras
  A two-headed ogre (D:7)
  Pikel (D:7)
  A black mamba (Lair:3)
  An ice statue (IceCv)
  A spiny frog (Lair:2)
  3 ice devils (IceCv)
  A polar bear (Lair:3)
  7 blink frogs (Lair:3)
  4 hippogriffs
  Sigmund (D:2)
  27 yaks
  A basilisk (Lair:1)
  2 wyverns
  4 nagas (Lair:3)
  8 porcupines
  2 water moccasins (Lair:1)
  A sky beast (D:6)
  An orc warrior (D:7)
  3 phantoms
  A necrophage (D:5)
  2 black bears
  4 slaves (D:7)
  An ogre (D:6)
  3 centaurs
  5 wolves (Lair:3)
  5 crocodiles
  8 bullfrogs
  A water moccasin zombie (D:8)
  2 scorpions
  2 killer bees (D:7)
  3 howler monkeys
  4 crimson imps
  A centaur zombie (D:7)
  3 hounds
  2 orc priests
  A jelly (D:5)
  2 centaur skeletons
  3 iguanas
  8 orc wizards
  5 worker ants
  A killer bee zombie (D:7)
  A hound zombie (D:5)
  4 worker ant zombies
  8 gnolls
  18 adders
  A shadow imp (D:5)
  17 white imps
  An ooze (D:5)
  4 ufetubi (IceCv)
  An adder zombie (D:7)
  An adder skeleton (D:5)
  2 worms
  2 dart slugs (D:1)
  12 leopard geckos
  24 orcs
  11 bats
  14 giant cockroaches
  10 goblins
  9 hobgoblins
  12 jackals
  9 kobolds
  4 quokkas
  6 ball pythons
  13 frilled lizards
  8 rats
  2 plants (Lair:1)
336 creatures vanquished.

Vanquished Creatures (others)
  4 white imps (IceCv)
  6 ufetubi (IceCv)
  A fungus (Lair:2)
  2 plants
13 creatures vanquished.

Grand Total: 349 creatures vanquished

Notes
Turn   | Place    | Note
-------+----------+-------------------------------------------
     0 | D:1      | plod the Minotaur Wanderer began the quest for the Orb.
     0 | D:1      | plod set off with: a book of Minor Magic, a scroll of teleportation, the Disquisition on Flames, a +0 robe, a +0 club, a bread ration
     0 | D:1      | Reached XP level 1. HP: 14/14 MP: 2/2
    17 | D:1      | Identified the Disquisition on Flames
    23 | D:1      | Reached skill level 1 in Maces & Flails
   293 | D:1      | Reached XP level 2. HP: 22/22 MP: 4/4
   460 | D:1      | Reached skill level 1 in Fighting
   796 | D:1      | Reached XP level 3. HP: 28/28 MP: 5/5
  1078 | D:2      | Noticed Sigmund
  1796 | D:2      | Found a stormy altar of Qazlal.
  1814 | D:2      | Became a worshipper of Qazlal Stormbringer
  1918 | D:2      | Reached XP level 4. HP: 20/36 MP: 6/6
  2039 | D:2      | Killed Sigmund
  2039 | D:2      | Reached skill level 5 in Maces & Flails
  2039 | D:2      | Reached XP level 5. HP: 27/45 MP: 7/7
  2650 | D:2      | Reached XP level 6. HP: 41/51 MP: 8/8
  2990 | D:3      | Found a shattered altar of Ashenzari.
  2999 | D:3      | Found a basalt altar of Yredelemnul.
  3463 | D:3      | Reached skill level 1 in Invocations
  3792 | D:3      | Reached * piety under Qazlal
  4324 | D:4      | Found an iron altar of Okawaru.
  4737 | D:4      | Reached XP level 7. HP: 58/58 MP: 9/9
  5475 | D:5      | Entered Level 5 of the Dungeon
  5480 | D:5      | Reached skill level 1 in Axes
  5527 | D:5      | Found a glowing drain.
  5537 | D:5      | Reached ** piety under Qazlal
  5570 | Sewer    | Entered a sewer
  5974 | D:5      | Noticed a yak
  5976 | D:5      | Reached XP level 8. HP: 65/66 MP: 10/10
  5981 | D:5      | Reached skill level 5 in Fighting
  5981 | D:5      | Reached skill level 5 in Armour
  6000 | D:5      | Reached *** piety under Qazlal
  6703 | D:5      | Found a staircase to the Ecumenical Temple.
  8097 | D:6      | Reached skill level 5 in Axes
  8223 | D:7      | Reached XP level 9. HP: 75/77 MP: 11/11
  8267 | D:7      | Noticed Pikel
  8281 | D:7      | Killed Pikel
  8281 | D:7      | Reached skill level 5 in Invocations
  8605 | D:7      | Identified a scroll of acquirement
  8606 | D:7      | Got a warped dire flail
  8611 | D:7      | Found a deep blue altar of Sif Muna.
  8633 | D:7      | Identified the +3 dire flail "Suveal" {crush, Dex+3} (You acquired it on level 7 of the Dungeon)
  9017 | D:7      | Noticed a two-headed ogre
  9021 | D:7      | Killed a two-headed ogre
  9021 | D:7      | Reached XP level 10. HP: 57/89 MP: 13/13
  9250 | D:8      | Found a shimmering altar of Xom.
  9440 | D:8      | Found a staircase to the Lair.
  9467 | D:8      | Reached **** piety under Qazlal
 10164 | Lair:1   | Entered Level 1 of the Lair of Beasts
 10164 | Lair:1   | Noticed Gaball's ghost (journeyman FoAK)
 10183 | Lair:1   | Killed Gaball's ghost
 10463 | Lair:1   | Noticed a four-headed hydra
 10471 | Lair:1   | Killed a four-headed hydra
 11527 | Lair:1   | Reached XP level 11. HP: 88/98 MP: 14/16
 11718 | Lair:1   | Reached skill level 10 in Fighting
 11846 | Lair:1   | Reached skill level 10 in Armour
 12744 | Lair:2   | Noticed a six-headed hydra
 12757 | Lair:2   | Killed a six-headed hydra
 12883 | Lair:2   | Reached skill level 10 in Axes
 13181 | Lair:2   | Noticed a five-headed hydra
 13188 | Lair:2   | Killed a five-headed hydra
 13286 | Lair:2   | Found a staircase to the Shoals.
 13674 | Lair:2   | Noticed an eight-headed hydra
 13684 | Lair:2   | Killed a nine-headed hydra
 14118 | Lair:3   | Reached XP level 12. HP: 65/110 MP: 12/17
 14316 | Lair:3   | Found a frozen archway.
 14343 | IceCv    | Entered an ice cave
 15144 | IceCv    | Killed from afar by an ice statue

Vault maps used:
D:1:      dpeg_arrival_boxorama
D:2:      overflow_temple_1_default, first_bread, uniq_sigmund
D:3:      ashenzari_altar_1, minmay_misc_feat_nine_boxes,
          yredelemnul_altar_generic
D:4:      okawaru_trees_1, grunt_tough_drop
D:5:      cheibrodos_fzero, minmay_temple_entry_hall, portal_sewer_entry_f,
          serial_bayou_ford_a, grunt_decor_cap
D:7:      led_sif_book, uniq_pikel
D:8:      xom_butterflies, dpeg_oklobed_lair
Lair:2:   shoals_dummy_entry, minivault_11
Lair:3:   minmay_snake_entry_guardpost_medium, portal_ice_cave_entry_imps
Sewer:    sewer_frog_island_01
IceCv:    ice_cave_small_demon

Skill      XL: |  1  2  3  4  5  6  7  8  9 10 11 12 |
---------------+-------------------------------------+-----
Maces & Flails | 1 2 3 5 6 |  6.5
Fighting       | 1 2 3 4 6 8 9 11 | 11.9
Armour         | 2 3 4 6 8 9 11 | 11.7
Invocations    | 1 3 4 6 8 9 |  9.6
Axes           | 2 5 7 9 10 11 | 11.2
Throwing       | |  1.0
Spellcasting   | |  2.1
Hexes          | |  2.0
Fire Magic     | |  1.0
Air Magic      | |  1.0
Evocations     | |  1.0

Action                   |  1- 3 |  4- 6 |  7- 9 | 10-12 || total
-------------------------+-------+-------+-------+-------++-------
Melee: Club              |   232 |   114 |       |       ||   346
       Headbutt          |    23 |    29 |    52 |    65 ||   169
       Flail             |       |   117 |    36 |       ||   153
       War axe           |       |       |   289 |   390 ||   679
 Fire: Hunting sling     |     2 |       |       |       ||     2
Throw: Stone             |       |     1 |       |       ||     1
Invok: Upheaval          |       |       |       |     5 ||     5
       Elemental Force   |       |       |       |     1 ||     1
Evoke: Wand              |       |       |       |    20 ||    20
  Use: Scroll            |     4 |     1 |     8 |     9 ||    22
       Potion            |       |     1 |     1 |    11 ||    13
  Eat: Chunk             |     1 |     7 |    10 |    12 ||    30
       Bread ration      |     1 |       |     1 |     1 ||     3
       Fruit             |       |       |       |     2 ||     2
Armor: Robe              |     3 |       |       |       ||     3
       Ring mail         |    13 |       |       |       ||    13
       Plate armour      |   227 |   205 |   278 |   273 ||   983
       Skin              |       |       |       |     8 ||     8
Dodge: Dodged            |    90 |    52 |   117 |   100 ||   359
       Deflected         |       |       |       |     8 ||     8
Block: Other             |       |     3 |    48 |    73 ||   124
